[ AOE2 MATCH · #468938516 ]
Team RMSicilians vs Bohemians
[ REPLAY ANALYSIS · EXTRACTED FROM THE RECORDED GAME ]
Feudal
—
Castle
—
Imperial
—
| APM avg | 12.4 |
| APM peak | 30 |
| eAPM avg | 4.7 |
| Villagers / military | 4 / 0 |
Focus
⚔️ 0.0% · 🌾 100.0%
Feudal
—
Castle
—
Imperial
—
| APM avg | 55.4 |
| APM peak | 72 |
| eAPM avg | 23.1 |
| Villagers / military | 10 / 0 |
Focus
⚔️ 28.8% · 🌾 71.2%
Feudal
—
Castle
—
Imperial
—
| APM avg | 71.4 |
| APM peak | 85 |
| eAPM avg | 8.0 |
| Villagers / military | 9 / 0 |
Focus
⚔️ 0.0% · 🌾 100.0%
Feudal
—
Castle
—
Imperial
—
| APM avg | 31.4 |
| APM peak | 43 |
| eAPM avg | 6.5 |
| Villagers / military | 6 / 0 |
Focus
⚔️ 0.0% · 🌾 100.0%
Feudal
—
Castle
—
Imperial
—
| APM avg | 64.9 |
| APM peak | 82 |
| eAPM avg | 10.7 |
| Villagers / military | 9 / 0 |
Focus
⚔️ 0.0% · 🌾 100.0%
Feudal
—
Castle
—
Imperial
—
| APM avg | 11.8 |
| APM peak | 23 |
| eAPM avg | 5.6 |
| Villagers / military | 4 / 0 |
Focus
⚔️ 11.1% · 🌾 88.9%
Feudal
—
Castle
—
Imperial
—
| APM avg | 6.2 |
| APM peak | 13 |
| eAPM avg | 5.0 |
| Villagers / military | 5 / 0 |
Focus
⚔️ 0.0% · 🌾 100.0%
Feudal
—
Castle
—
Imperial
—
| APM avg | 10.1 |
| APM peak | 33 |
| eAPM avg | 4.4 |
| Villagers / military | 4 / 0 |
Focus
⚔️ 0.0% · 🌾 100.0%
Match map
Initial resources + every placement click. Lines = walls · curves = elevation contours. ◆ gold · ⬟ stone · ● berries · ✦ relic · ◌ wall gap
Your base
AoEE. Tsumi's base
AoEE.Karhanin's base
SkittleCakes's base
AoEE.Bo's base
Korkor Dial's base
AoEE.Novikov's base
AlbanHX's base
Smoothed initial terrain · ◌ = detected wall gap · hover for details
Inputs per minute
— ElvaGinotaTupacNocha - - AoEE. Tsumi
Build order — ElvaGinotaTupacNocha
5 actions detected in the replay
| 2:01 | Create | Villager (Male) |
| 2:02 | Create | Villager (Male) |
| 2:02 | Create | Villager (Male) |
| 2:07 | Build | House |
| 2:23 | Create | Villager (Male) |
Build order — AoEE. Tsumi
13 actions detected in the replay
| 0:02 | Build | House |
| 0:03 | Build | House |
| 0:04 | Create | Villager (Male) |
| 0:04 | Create | Villager (Male) |
| 0:04 | Create | Villager (Male) |
| 0:04 | Create | Villager (Male) |
| 1:56 | Create | Villager (Male) |
| 1:57 | Create | Villager (Male) |
| 2:23 | Build | Lumber Camp |
| 2:37 | Create | Villager (Male) |
| 3:00 | Create | Villager (Male) |
| 3:01 | Create | Villager (Male) |
| 3:22 | Create | Villager (Male) |
Build order — AoEE.Karhanin
11 actions detected in the replay
| 0:02 | Create | Villager (Male) |
| 0:02 | Create | Villager (Male) |
| 0:02 | Create | Villager (Male) |
| 0:03 | Create | Villager (Male) |
| 0:05 | Build | House |
| 1:22 | Create | Villager (Male) |
| 1:56 | Create | Villager (Male) |
| 2:04 | Build | Lumber Camp |
| 2:39 | Create | Villager (Male) |
| 2:58 | Create | Villager (Male) |
| 3:11 | Create | Villager (Male) |
Build order — SkittleCakes
10 actions detected in the replay
| 0:02 | Create | Villager (Male) |
| 0:03 | Create | Villager (Male) |
| 0:03 | Create | Villager (Male) |
| 0:06 | Build | House |
| 0:08 | Build | House |
| 0:27 | Create | Villager (Male) |
| 1:22 | Research | Loom |
| 1:53 | Create | Villager (Male) |
| 2:30 | Create | Villager (Male) |
| 2:59 | Build | Lumber Camp |
Build order — AoEE.Bo
13 actions detected in the replay
| 0:02 | Create | Villager (Male) |
| 0:02 | Create | Villager (Male) |
| 0:02 | Create | Villager (Male) |
| 0:03 | Create | Villager (Male) |
| 0:04 | Build | House |
| 0:07 | Build | House |
| 1:33 | Create | Villager (Male) |
| 1:33 | Create | Villager (Male) |
| 1:36 | Build | Lumber Camp |
| 2:17 | Build | House |
| 2:33 | Create | Villager (Male) |
| 2:33 | Create | Villager (Male) |
| 2:52 | Create | Villager (Male) |
Build order — Korkor Dial
4 actions detected in the replay
| 1:43 | Create | Villager (Male) ×3 |
| 1:44 | Build | House |
| 1:48 | Build | House |
| 3:04 | Create | Villager (Male) |
Build order — AoEE.Novikov
7 actions detected in the replay
| 0:07 | Build | House |
| 0:10 | Build | House |
| 0:30 | Create | Villager (Male) |
| 0:31 | Create | Villager (Male) |
| 0:31 | Create | Villager (Male) |
| 0:31 | Create | Villager (Male) |
| 0:31 | Create | Villager (Male) |
Build order — AlbanHX
6 actions detected in the replay
| 0:03 | Build | House |
| 0:04 | Build | House |
| 0:05 | Create | Villager (Male) |
| 0:05 | Create | Villager (Male) |
| 0:05 | Create | Villager (Male) |
| 0:05 | Create | Villager (Male) |
Match timeline
| 1:24 | AlbanHX · resign |
[ AI ANALYSIS · 1 CREDIT ]
What really happened in this match?
Wolo.gg analyzes every decision: build order, eco, micro, common mistakes by bracket. Personalized analysis on WhatsApp or Discord in 30 seconds.
Civ guide
Sicilians
Map guide
MegaRandom
Perfil
Jugador #15614971